AoeStats
← jay60809

Arena

503969630Analyzed
1v1 RM · 1mo ago on Sep 3, 2026· 47m 49s· 2 players
Game mode
Random Map
Map size
Tiny (2 player)
Population
200
Speed
Normal
Resources
Standard
Victory
Conquest
Starting age
Dark Age
Ending age
Imperial Age
RankedLock teamsTeams togetherTeam positionsShared explorationLock speedFull tech treeHidden civsTurbo modeCheats
Victory
Defeat
🇹🇼 Britons · Taiwan
904
+38
🇪🇸 Portuguese · Spain
897
-16
Rediterian
12:14 Feudal Age
16:48 Castle Age
14:49 Stone Mining
25:40 Double-Bit Axe
25:50 Gold Mining
26:49 Horse Collar
33:14 Imperial Age
31:22 Fletching
31:59 Ballistics
33:11 Murder Holes
36:50 Chemistry
38:00 Gambesons
37:35 Pikeman
40:30 Bow Saw
42:55 Bodkin Arrow
43:15 Masonry
jay60809
11:18 Feudal Age
13:05 Loom
15:57 Castle Age
14:14 Horse Collar
16:30 Wheelbarrow
16:21 Double-Bit Axe
17:10 Heavy Plow
20:58 Fletching
20:54 Elite Skirmisher
21:03 Elite Skirmisher
24:03 Bodkin Arrow
24:50 Bow Saw
24:31 Gold Mining
26:06 Padded Archer Armor
29:54 Ballistics
30:26 Yeomen
33:06 Imperial Age
30:55 Hand Cart
35:06 Chemistry
34:43 Bracer
35:48 Gold Shaft Mining
35:06 Stone Mining
36:38 Chemistry
40:45 Forging
41:24 Conscription
42:08 Leather Archer Armor
41:29 Onager
41:45 Capped Ram
43:49 Two-Man Saw
44:38 Ring Archer Armor
Connection lost

Rejoining the realm…

Still unreachable

The connection could not be restored.

Session expired

The server has moved on; the page needs a fresh start.